 Dungeon Crawl Stone Soup version 0.28.0-53-g5a82cb258f (webtiles) character file.

Game seed: 8394601981276178366

129 Nyth the Cudgeller (level 4, -3/41 HPs)
             Began as a Minotaur Berserker on Aug 9, 2022.
             Was a Follower of Trog.
             Splashed by a jelly's acid (11 damage)
             ... on level 2 of the Dungeon.
             The game lasted 00:03:22 (1744 turns).

Nyth the Cudgeller (Minotaur Berserker)             Turns: 1744, Time: 00:03:25

Health: -3/41      AC: -5    Str: 21    XL:     4   Next: 88%
Magic:  3/3        EV: 12    Int:  4    God:    Trog [*.....]
Gold:   100        SH:  4    Dex: 12    Spells: 3/3 levels left

rFire   . . .      SeeInvis .   a - +0 mace
rCold   + . .      Faith    .   d - +1 buckler {rC+}
rNeg    . . .      Spirit   .   b - +0 animal skin
rPois   .          Reflect  .   (helmet restricted)
rElec   .          Harm     .   (no cloak)
rCorr   .          Rampage  .   (no gloves)
Will    .....                   (no boots)
Stlth   +.........              (no amulet)
HPRegen 0.13/turn               (no ring)
MPRegen 0.08/turn               (no ring)

@: corroded
A: horns 2, retaliatory headbutt
a: Renounce Religion, Berserk


You were on level 2 of the Dungeon.
You worshipped Trog.
Trog was aware of your devotion.
You visited 1 branch of the dungeon, and saw 2 of its levels.

You collected 100 gold pieces.

Inventory:

Hand Weapons
 a - a +0 mace (weapon)
Armour
 b - a +0 animal skin (worn)
 d - a +1 buckler of cold resistance (worn)
Scrolls
 c - 2 scrolls of immolation {unknown}
 g - 3 scrolls of fog {unknown}
Potions
 e - 2 potions of curing {unknown}
 f - a potion of heal wounds {unknown}
 h - a potion of flight {unknown}
 i - a potion of haste {unknown}


   Skills:
 * Level 4.8 Fighting
 * Level 5.1 Maces & Flails
 * Level 3.0 Armour
 * Level 2.7 Dodging
 * Level 1.0 Shields


You had 3 spell levels left.
You didn't know any spells.
Your spell library was empty.

Dungeon Overview and Level Annotations

Branches:
Dungeon (2/15)

Altars:


Innate Abilities, Weirdness & Mutations

You have a pair of horns on your head.
You reflexively headbutt those who attack you in melee.


Message History

You hit the worm.
The worm is moderately wounded.
The worm bites you.
You hit the worm.
The worm is heavily wounded.
You sock the worm!
You kill the worm!
Trog accepts your kill.
No target in view!
You see here a worm corpse.
You now have 100 gold pieces (gained 15).
You see here a worm corpse.
There is an open door here.
You can no longer call upon Trog for regeneration and willpower.
No target in view!
You open the door.
A jelly comes into view.
Found 16 gold pieces and a scroll labelled UHOGAQOONT.
Found a scroll labelled LILOLU KORIR.
There is an open door here.
A jelly is nearby!
You see here a scroll labelled UHOGAQOONT.
The jelly hits you but does no damage. The jelly closely misses you.
You see here a scroll labelled UHOGAQOONT.
c - 2 scrolls labelled UHOGAQOONT (gained 1)
The jelly hits you. The acid corrodes you!
You are splashed with acid!
You hit the jelly but do no damage.
Your hands burn!
The jelly hits you.
You are splashed with acid.
The jelly closely misses you.
You hit the jelly but do no damage.
Your hands burn!
* * * LOW HITPOINT WARNING * * *
The jelly misses you.
You hit the jelly but do no damage. The acid corrodes you!
Your hands burn!
* * * LOW HITPOINT WARNING * * *
You headbutt the jelly!
The jelly is almost dead.
The jelly hits you.
* * * LOW HITPOINT WARNING * * *
You are splashed with acid!
You die...

#...# #...# #...# #####
#...# ##...###...#
##.....##...#
#?......#...#
#..$.J..'...+
#.....@.#...#
##.....##...#
##...###...# #####
#...# #####
##...###...###...## ##
##.....##...##..)..###.
#.......#.†.#.......##<
#....†..'...'.).....#..
#.......#...#.......##.


You could see a jelly.

Vanquished Creatures
  An ogre (D:2)
  A worm (D:2)
  3 dart slugs (D:1)
  A bat (D:1)
  2 endoplasms (D:1)
  3 goblins (D:1)
  A hobgoblin (D:1)
  4 jackals (D:2)
  4 kobolds
  2 quokkas (D:1)
  4 ball pythons
  3 frilled lizards (D:1)
  4 rats (D:1)
33 creatures vanquished.

Notes
Turn   | Place    | Note
-------+----------+-------------------------------------------
     0 | D:1      | Nyth the Minotaur Berserker began the quest for the Orb.
     0 | D:1      | Reached XP level 1. HP: 19/19 MP: 0/0
   196 | D:1      | Reached XP level 2. HP: 27/27 MP: 1/1
   286 | D:1      | Reached skill level 4 in Maces & Flails
   723 | D:1      | Found a faded altar of an unknown god.
  1025 | D:1      | Reached XP level 3. HP: 29/33 MP: 2/2
  1361 | D:2      | Noticed an ogre
  1366 | D:2      | Killed an ogre
  1367 | D:2      | Reached skill level 5 in Maces & Flails
  1367 | D:2      | Reached skill level 1 in Shields
  1367 | D:2      | Reached XP level 4. HP: 41/41 MP: 3/3
  1622 | D:2      | Reached ** piety under Trog
  1744 | D:2      | Splashed by a jelly's acid

Illustrated notes

Levels and vault maps discovered:
D:1:      lemuel_arrival_tunnels, layout_basic,
          nicolae_ecumenical_snake_handling, hex_intersection,
          minmay_lizard_pond
D:2:      kennysheep_six_static_rooms, layout_loops_ring, serial_shops,
          nicolae_square_shop, uniq_natasha, uniq_sigmund

Skill      XL: |  1  2  3 |
---------------+----------+-----
Fighting       | 4 |  4.8
Maces & Flails | 4 5 |  5.1
Armour         | 3 |  3.0
Shields        | 1 |  1.0
Dodging        | |  2.7

Action                   |  1- 3 |  4- 6 || total
-------------------------+-------+-------++-------
Melee: Mace              |    64 |    20 ||    84
       Headbutt          |     5 |     2 ||     7
Invok: Berserk           |     2 |       ||     2
Armor: Animal skin       |    10 |     1 ||    11
Dodge: Dodged            |    25 |    13 ||    38
Block: Buckler           |    11 |     4 ||    15
